AoeStats
← aclyter

Nomad

510906202Analyzed
3v3 RM · 19h ago on Oct 3, 2026· 47m 32s· 6 players
Game mode
Random Map
Map size
210×210
Population
200
Speed
Normal
Resources
Standard
Victory
Conquest
Starting age
Dark Age
Ending age
Imperial Age
RankedLock teamsTeams togetherTeam positionsShared explorationLock speedFull tech treeHidden civsTurbo modeCheats
Victory
Defeat
🇺🇸 Spanish · United States
1288
+15
🇲🇽 Teutons · Mexico
1240
+17
🇲🇽 Georgians · Mexico
1215
+18
🇺🇸 Muisca · United States
1321
-18
🇺🇸 Danes · United States
1275
-17
🇺🇸 Varangians · United States
1216
-15
Tommy Kangaroo
10:02 Loom
12:06 Feudal Age
21:25 Castle Age
20:02 Fletching
25:33 Bodkin Arrow
29:40 Forging
30:17 Scale Mail Armor
31:01 Iron Casting
31:17 Wheelbarrow
31:19 Arson
34:38 Double-Bit Axe
36:52 Bow Saw
41:05 Imperial Age
40:37 Horse Collar
41:20 Hand Cart
41:35 Onager
Pierogi King
5:06 Loom
12:24 Feudal Age
16:25 Castle Age
16:31 Double-Bit Axe
17:34 Bow Saw
18:14 Horse Collar
22:55 Heavy Plow
25:35 Wheelbarrow
24:53 Town Watch
25:00 Town Watch
26:59 Hand Cart
26:44 Town Patrol
26:38 Gold Mining
31:35 Imperial Age
30:41 Scale Mail Armor
30:51 Forging
31:14 Squires
31:00 Gambesons
31:01 Arson
31:42 Elite Varangian Guard
33:54 Chain Mail Armor
34:14 Iron Casting
33:30 Gothikon
35:17 Plate Mail Armor
34:49 Padded Archer Armor
35:28 Elite Skirmisher
37:17 Conscription
Johnny Walrus
10:53 Loom
12:41 Feudal Age
13:47 Double-Bit Axe
17:15 Castle Age
18:42 Medium Warships
22:59 Wheelbarrow
23:58 Forging
24:52 Bow Saw
26:28 Gold Mining
27:54 Sanctity
32:35 Imperial Age
29:57 Fishing Lines
31:25 Fervor
34:28 Block Printing
33:40 Champi Runner
34:21 Squires
34:37 Elite Temple Guard
38:32 Scale Mail Armor
45:44 Hand Cart
aclyter
3:51 Loom
13:35 Feudal Age
18:29 Castle Age
17:00 Double-Bit Axe
19:24 Wheelbarrow
19:37 Medium Warships
20:48 Horse Collar
31:24 Fletching
32:36 Murder Holes
35:21 Bow Saw
38:38 Imperial Age
38:22 Hand Cart
38:09 Gold Mining
39:03 Masonry
39:00 Scale Barding Armor
39:00 Town Watch
39:29 Forging
40:22 Chemistry
40:15 Conscription
40:17 Husbandry
40:27 Bloodlines
41:25 Architecture
41:16 Heavy Plow
41:43 Chain Barding Armor
42:31 Hoardings
42:16 Cavalier
44:42 Plate Barding Armor
45:13 Stone Mining
46:41 Stone Shaft Mining
[XAAM]_Muffie_Cute
4:27 Loom
14:42 Feudal Age
18:25 Castle Age
17:22 Double-Bit Axe
17:18 Horse Collar
22:27 Bow Saw
24:32 Wheelbarrow
26:33 Heavy Plow
31:22 Imperial Age
29:15 Scale Barding Armor
29:21 Forging
30:01 Bloodlines
30:32 Chain Barding Armor
31:28 Cavalier
33:22 Gold Mining
37:26 Paladin
Polos-Dev
13:49 Feudal Age
19:28 Man-at-Arms
21:02 Scale Barding Armor
21:02 Padded Archer Armor
21:44 Fletching
26:32 Castle Age
29:14 Bodkin Arrow
37:01 Leather Archer Armor
44:04 Forging
Connection lost

Rejoining the realm…

Still unreachable

The connection could not be restored.

Session expired

The server has moved on; the page needs a fresh start.